 Dungeon Crawl Stone Soup version 0.27-a0-1416-g941b2bd30b (webtiles) character file.

Game seed: 13270498066130936106

97189 pyrow613 the Impaler (level 15, -1/139 HPs)
             Began as a Yellow Draconian Berserker on July 1, 2021.
             Was the Champion of Trog.
             Slain by Jorgrun (15 damage)
             ... on level 1 of the Spider Nest.
             The game lasted 01:28:44 (33500 turns).

pyrow613 the Impaler (Yellow Draconian Berserker)  Turns: 33500, Time: 01:28:45

Health: -1/139     AC: 14    Str: 32    XL:     15   Next: 71%
Magic:  15/15      EV: 17    Int:  8    God:    Trog [******]
Gold:   853        SH:  0    Dex: 18    Spells: 14/14 levels left

rFire    + + .     SeeInvis .   z - +12 halberd of Light {vorpal, Contam Dex+5}
rCold    . . .     Faith    .   (shield currently unavailable)
rNeg     . . .     Spirit   .   (armour unavailable)
rPois    .         Reflect  .   F - +0 hat {Stlth+}
rElec    .         Harm     .   W - +1 cloak
rCorr    +         Rampage  .   D - +1 pair of gloves {Str+3}
Will     +....                  X - +0 pair of boots "Zekierphomo" {rF++ Slay+3}
Stlth    ++++++....             (no amulet)
HPRegen  0.33/turn              a - +4 ring of slaying
MPRegen  0.14/turn              E - +6 ring of strength

@: lethally poisoned (-1 -> -52), grasped by roots, on berserk cooldown, slowed,
constricted, studying Unarmed Combat, very slow
A: spit acid, AC +9, unfitting armour, acidic bite, cold-blooded, acid
resistance
a: Breathe Acid, Renounce Religion, Berserk, Trog's Hand, Brothers in Arms


You were on level 1 of the Spider Nest.
You worshipped Trog.
Trog was exalted by your worship.
You visited 4 branches of the dungeon, and saw 22 of its levels.

You collected 2404 gold pieces.
You spent 1551 gold pieces at shops.

Inventory:

Hand Weapons
 b - a +3 dagger of venom
 z - the +12 halberd of Light (weapon) {vorpal, Contam Dex+5}
   (Trog gifted it to you on level 1 of the Orcish Mines)

   It inflicts extra damage upon your enemies.
   Dex:       It affects your dexterity (+5).
   Contam:    It causes magical contamination when unequipped.
 C - a +7 demon trident of flaming
Missiles
 g - 5 curare-tipped darts
 h - a throwing net
 m - 3 javelins
 x - 68 poisoned darts
Armour
 B - a +0 tower shield
 D - a +1 pair of gloves of strength (worn)
 F - a +0 hat of stealth (worn)
 Q - a +2 kite shield of poison resistance
 W - a +1 cloak (worn)
 X - the +0 pair of boots "Zekierphomo" (worn) {rF++ Slay+3}
   (You bought it in a shop on level 13 of the Dungeon)

   Slay:      It affects your accuracy & damage with ranged weapons and melee
   (+3).
   rF:        It greatly protects you from fire.
Jewellery
 a - a +4 ring of slaying (left hand)
 j - a ring of willpower
 v - a ring of fire
 E - a +6 ring of strength (right hand)
Wands
 i - a wand of iceblast (38)
 s - a wand of charming (2)
 u - a wand of flame (41)
 w - a wand of paralysis (21)
 y - a wand of digging (8)
 M - a wand of mindburst (6)
Scrolls
 d - 5 scrolls of amnesia
 e - 3 scrolls of immolation
 t - 5 scrolls of enchant weapon
 A - 7 scrolls of teleportation
 G - a scroll of identify
 H - a scroll of fog {unknown}
 I - a scroll of blinking
 O - 2 scrolls of brand weapon
 R - 4 scrolls of fear
 S - 2 scrolls of enchant armour
 T - a scroll of vulnerability {unknown}
Potions
 c - 5 potions of curing
 f - 2 potions of invisibility
 l - 5 potions of mutation
 n - 2 potions of berserk rage
 o - 5 potions of heal wounds
 p - 3 potions of haste
 q - a potion of magic
 r - 2 potions of resistance {unknown}
 K - 2 potions of cancellation
 P - 2 potions of might {unknown}
 U - 2 potions of flight
Miscellaneous
 V - a phantom mirror


   Skills:
 * Level 14.8 Fighting
 - Level 19.2 Polearms
 + Level 12.3 Dodging
 - Level 11.1 Stealth
 + Level 3.7 Shields


You had 14 spell levels left.
You didn't know any spells.
Your spell library was empty.

Dungeon Overview and Level Annotations

Branches:
Dungeon (13/15)            Temple (0/1) D:4            Lair (6/6) D:8
 Shoals (0/4) Lair:3       Spider (1/4) Lair:3        Slime (0/5) Lair:6
    Orc (2/2) D:12            Elf (0/3) Orc:2        Vaults (0/5) D:13

Altars:
Hepliaklqana
Okawaru
Ru
Vehumet
Xom
Yredelemnul
Beogh
Jiyva

Shops:
D:2 *   D:3 (   D:4 [   D:13 [   Orc:2 ((*[?

Annotations:
D:9 3 runed translucent doors, exclusion: 3 doors, Exaltedone87's ghost, novice DrBe; HilariousDeathArtist's ghost, novice DrWn; robertstho's ghost, journeyman DjFE; robertstho's ghost, novice TrFi
Spider:1 Jorgrun


Innate Abilities, Weirdness & Mutations

You can spit globs of acid.
Your golden yellow scales are hard. (AC +9)
You cannot fit into any form of body armour.
You have acidic saliva.
You are cold-blooded and may be slowed by cold attacks.
You are resistant to acid. (rCorr)


Message History

The roots' grasp on you weakens, but your attempt to escape fails.
The wolf spider hits you! The wolf spider barely misses you.
The redback bites you.
The jumping spider leaps!
The wolf spider completely misses you. The wolf spider misses you.
The grasping roots constrict you!
The jumping spider leaps!
Unknown command.
You escape the roots' grasp.
The redback misses you. The wolf spider barely misses you.
The wolf spider completely misses you. The tarantella barely misses you.
The redback completely misses you. The redback bites you!
* * * LOW HITPOINT WARNING * * *
The wolf spider misses you.
The wolf spider bites you but does no damage.
Jorgrun points at you and mumbles some strange words.
Roots burst forth from the earth!
The grasping roots grab you!
* * * LOW HITPOINT WARNING * * *
The grasping roots constrict you.
The roots' grasp on you weakens, but your attempt to escape fails.
The redback bites you!
* * * LOW HITPOINT WARNING * * *
You are lethally poisoned!
The redback poisons you!
* * * LOW HITPOINT WARNING * * *
The grasping roots constrict you! The redback closely misses you.
You feel better. The wolf spider hits you.
* * * LOW HITPOINT WARNING * * *
The wolf spider bites you.
* * * LOW HITPOINT WARNING * * *
The redback barely misses you. x2; The wolf spider hits you.
* * * LOW HITPOINT WARNING * * *
The wolf spider bites you.
* * * LOW HITPOINT WARNING * * *
The redback barely misses you.
The jumping spider leaps!
The redback bites you.
* * * LOW HITPOINT WARNING * * *
You are lethally poisoned!
The redback poisons you!
Jorgrun gestures next to you while chanting.
Some rock shatters into small pieces.
You die...

#.
#........##......#.....#
..###.#..##....#..#......#
...........##.....)..#...#
#..#.....)#......^......#
#..........#...#...†s†.s#
......#..#.....s#ss.# .^
.#..###...#..##.sgs†#....
.(..######.#.....ss......#
.#..##...>>.##..@ss#.#..##
##........#<....ss#### .#
..............##
#.#..#..#..#.## #
#≈#≈#..#..## ##≈≈#. ####
#≈≈≈# #≈≈#≈ #≈#


You could see Jorgrun, a wolf spider, an orb spider (charged), a jumping spider,
a tarantella and 8 redbacks.

Vanquished Creatures
  An emperor scorpion (Spider:1)
  3 entropy weavers (Lair:3)
  An ettin (D:12)
  14 hydras
  A boulder beetle (D:11)
  3 ghost crabs (Lair:3)
  4 centaur warriors
  3 two-headed ogres
  2 dancing weapons (D:12)
  2 death knights
  4 catoblepae
  A tengu warrior (D:11)
  8 orc high priests (Orc:2)
  8 death yaks (Lair:6)
  Sonja (Lair:1)
  6 fire crabs (Lair:3)
  3 orc knights
  4 lindwurms (Lair:6)
  A phantasmal warrior (D:10)
  2 deep elf zephyrmancers (D:9)
  2 ugly things
  A wolf spider (Spider:1)
  2 orb spiders (Spider:1)
  3 manticores
  An orc sorcerer (Orc:2)
  12 elephants
  Maurice (Orc:2)
  5 black mambas
  A cyclops (D:9)
  A merfolk siren (Lair:3)
  An apocalypse crab (Lair:3)
  A torpor snail (Lair:4)
  12 cane toads
  2 efreet
  A freezing wraith (D:10)
  A kobold demonologist (D:7)
  9 komodo dragons
  Psyche (D:10)
  A jumping spider (Spider:1)
  4 trolls
  2 polar bears
  2 slime creatures (D:13)
  16 blink frogs
  7 redbacks (Spider:1)
  4 dream sheep (Lair:6)
  A shadow (D:10)
  4 fire bats (Lair:6)
  2 tarantellas (Spider:1)
  2 wraiths
  77 yaks
  A vampire (D:12)
  6 wyverns
  A fire elemental (Lair:6)
  A steam dragon (D:7)
  6 basilisks
  An acid dragon (D:11)
  7 wargs
  20 water moccasins
  A swamp drake (D:9)
  A sky beast (D:6)
  3 ice beasts
  7 black bears
  23 orc warriors
  2 necrophages
  8 ogres
  A tengu (shapeshifter) (D:11)
  6 centaurs
  4 wolves (Lair:4)
  2 kobold brigands
  3 phantoms
  10 bullfrogs
  5 gnoll sergeants
  A wyvern zombie (D:7)
  4 scorpions
  A water moccasin skeleton (D:6)
  10 wights
  2 electric eels (D:10)
  6 howler monkeys
  A crimson imp (D:9)
  A bullfrog zombie (D:6)
  2 centaur zombies
  3 hounds
  A jelly (D:4)
  37 orc priests
  An iron imp (D:9)
  2 bullfrog skeletons
  A scorpion zombie (D:5)
  25 orc wizards
  3 hound skeletons
  A howler monkey zombie (D:10)
  3 adders
  17 gnolls
  2 shadow imps
  3 white imps
  3 ufetubi
  2 dart slugs
  105 orcs
  5 ball pythons
  5 endoplasms
  3 giant cockroaches
  10 goblins
  16 hobgoblins
  6 jackals
  4 quokkas
  5 bats (D:1)
  2 frilled lizards (D:3)
  14 kobolds
  4 rats
681 creatures vanquished.

Vanquished Creatures (others)
  A water moccasin (Lair:6)
  An orc warrior (Orc:2)
  35 fungi
  44 plants
  2 withered plants (D:9)
83 creatures vanquished.

Grand Total: 764 creatures vanquished

Notes
Turn   | Place    | Note
-------+----------+-------------------------------------------
     0 | D:1      | pyrow613 the Draconian Berserker began the quest for the
                  | Orb.
     0 | D:1      | Reached XP level 1. HP: 19/19 MP: 1/1
   109 | D:1      | Found a faded altar of an unknown god.
   273 | D:1      | Reached XP level 2. HP: 26/26 MP: 2/2
  1064 | D:2      | Found Anyomaote's General Store.
  1071 | D:2      | Bought a potion of heal wounds for 55 gold pieces
  1147 | D:2      | Reached XP level 3. HP: 33/33 MP: 3/3
  1807 | D:3      | Reached ** piety under Trog
  2052 | D:3      | Reached skill level 4 in Polearms
  2146 | D:3      | Reached XP level 4. HP: 40/40 MP: 4/4
  2286 | D:3      | Found Vuokkist's Antique Weapon Shop.
  2508 | D:4      | Found Dionk's Antique Armour Shoppe.
  2615 | D:4      | Found a staircase to the Ecumenical Temple.
  2616 | D:4      | Noticed a necrophage
  2630 | D:4      | Killed a necrophage
  2631 | D:4      | Reached skill level 1 in Stealth
  2631 | D:4      | Reached XP level 5. HP: 37/46 MP: 5/5
  2785 | D:4      | Noticed a water moccasin
  2794 | D:4      | Killed a water moccasin
  2795 | D:4      | Reached skill level 5 in Polearms
  2795 | D:4      | Reached XP level 6. HP: 52/53 MP: 6/6
  3416 | D:4      | Reached skill level 5 in Fighting
  3416 | D:4      | Your scales start taking on a golden yellow colour.
  3416 | D:4      | Reached XP level 7. HP: 21/61 MP: 7/7
  3416 | D:4      | Gained mutation: You are resistant to acid. (rCorr) [Yellow
                  | Draconian growth]
  3893 | D:5      | Entered Level 5 of the Dungeon
  3990 | D:5      | Reached skill level 6 in Polearms
  4172 | D:4      | Reached *** piety under Trog
  4483 | D:5      | Noticed a yak
  4484 | D:5      | Noticed a yak
  4484 | D:5      | Noticed a yak
  4484 | D:5      | Noticed a yak
  4484 | D:5      | Noticed a yak
  4484 | D:5      | Noticed a yak
  4499 | D:5      | Killed a yak
  4507 | D:5      | Killed a yak
  4508 | D:5      | Reached XP level 8. HP: 53/70 MP: 8/8
  4510 | D:5      | Reached skill level 7 in Polearms
  4513 | D:5      | Reached skill level 5 in Dodging
  4783 | D:5      | Reached skill level 8 in Polearms
  5065 | D:5      | Found a hazy altar of Hepliaklqana.
  5349 | D:5      | Reached XP level 9. HP: 78/78 MP: 9/9
  5540 | D:6      | Identified a scroll of acquirement
  5540 | D:6      | Acquired a manual of Polearms
  5598 | D:6      | You fall into a shaft and drop 2 floors!
  5687 | D:8      | Found a sacrificial altar of Ru.
  5887 | D:7      | Noticed a kobold demonologist
  6044 | D:7      | Reached skill level 5 in Stealth
  6183 | D:7      | Reached skill level 9 in Polearms
  6196 | D:7      | Found an iron altar of Okawaru.
  6352 | D:7      | Reached **** piety under Trog
  6551 | D:7      | Reached skill level 10 in Polearms
  6794 | D:7      | Killed a kobold demonologist
  7055 | D:7      | Reached skill level 11 in Polearms
  7055 | D:7      | Reached XP level 10. HP: 40/88 MP: 10/10
  8056 | D:8      | Noticed a brown ugly thing
  8095 | D:8      | Killed a brown ugly thing
  8428 | D:8      | Found a staircase to the Lair.
  8439 | D:8      | Reached skill level 12 in Polearms
  8524 | D:8      | Found a radiant altar of Vehumet.
  9271 | D:9      | Found a runed translucent gate.
  9272 | D:9      | Found a runed translucent gate.
  9273 | D:9      | Found a runed translucent gate.
  9274 | D:9      | Noticed robertstho's ghost (novice TrFi)
  9274 | D:9      | Noticed Exaltedone87's ghost (novice DrBe)
  9274 | D:9      | Noticed HilariousDeathArtist's ghost (novice DrWn)
  9274 | D:9      | Noticed robertstho's ghost (journeyman DjFE)
  9862 | D:9      | Reached ***** piety under Trog
  9868 | D:9      | Reached skill level 13 in Polearms
  9916 | D:9      | Noticed a cyclops
  9968 | D:9      | Killed a cyclops
 10484 | D:9      | Noticed a deep elf zephyrmancer
 10496 | D:9      | Killed a deep elf zephyrmancer
 10497 | D:9      | Reached XP level 11. HP: 41/97 MP: 11/11
 10666 | D:9      | Noticed a deep elf zephyrmancer
 10675 | D:9      | Killed a deep elf zephyrmancer
 11742 | D:6      | Found a basalt altar of Yredelemnul.
 12133 | D:3      | Bought a brightly glowing spear for 176 gold pieces
 12133 | D:3      | Identified the +11 spear "Kuli" {flame, Fragile rPois
                  | Int+3} (You bought it in a shop on level 3 of the Dungeon)
 12314 | D:10     | Entered Level 10 of the Dungeon
 12452 | D:10     | Reached skill level 14 in Polearms
 12485 | D:10     | Received a gift from Trog
 13070 | D:10     | Noticed Psyche
 13074 | D:10     | Killed Psyche
 13197 | D:10     | Found a shimmering altar of Xom.
 13644 | D:11     | Noticed a death knight
 13797 | D:11     | Noticed a phantasmal warrior
 13804 | D:10     | Killed a phantasmal warrior
 13805 | D:10     | Reached skill level 10 in Fighting
 14018 | D:10     | Reached skill level 15 in Polearms
 14788 | D:11     | Killed a death knight
 14914 | D:11     | Noticed a catoblepas
 14914 | D:11     | Noticed an orc knight
 14914 | D:11     | Noticed a boulder beetle
 14914 | D:11     | Noticed a cyan ugly thing
 14914 | D:11     | Noticed a centaur warrior
 14914 | D:11     | Noticed a seven-headed hydra
 14917 | D:11     | Noticed an orc knight
 15251 | Lair:1   | Entered Level 1 of the Lair of Beasts
 15407 | Lair:1   | Identified the +1 robe "Visihiomm" {Slay+3}
 15410 | Lair:1   | Noticed a four-headed hydra
 15427 | Lair:1   | Killed a four-headed hydra
 15496 | Lair:1   | Reached XP level 12. HP: 106/106 MP: 12/12
 16125 | Lair:1   | Noticed Sonja
 16167 | Lair:1   | Killed Sonja
 16629 | Lair:2   | Noticed a seven-headed hydra
 16702 | Lair:2   | Killed a seven-headed hydra
 16913 | Lair:2   | Noticed a seven-headed hydra
 16932 | Lair:2   | Killed a seven-headed hydra
 16933 | Lair:2   | Reached skill level 16 in Polearms
 17906 | Lair:3   | Found a gate leading to a gauntlet.
 17953 | Lair:3   | Found a hole to the Spider Nest.
 18090 | Lair:3   | Found a staircase to the Shoals.
 18273 | Lair:3   | Noticed a five-headed hydra
 18285 | Lair:3   | Killed a five-headed hydra
 18548 | Lair:3   | Found a runed translucent door.
 19012 | Lair:3   | Reached XP level 13. HP: 98/116 MP: 13/13
 19073 | Lair:3   | Noticed an entropy weaver
 19435 | Lair:3   | Killed an entropy weaver
 19494 | Lair:3   | Reached skill level 10 in Stealth
 19927 | Lair:3   | Noticed an entropy weaver
 19942 | Lair:3   | Killed an entropy weaver
 19948 | Lair:3   | Reached skill level 10 in Dodging
 20267 | Lair:3   | Noticed an entropy weaver
 20278 | Lair:3   | Killed an entropy weaver
 20347 | Lair:3   | Reached skill level 17 in Polearms
 20347 | Lair:3   | Identified the +9 dagger of the Snake Pit {chaos, Will+
                  | Dex-2 SInv Stlth+}
 21102 | Lair:4   | Identified the +4 spear of the Big Bang {speed, rPois Str+7
                  | Int-3}
 22354 | Lair:5   | Gained mutation: You have acidic saliva. [Yellow Draconian
                  | growth]
 22354 | Lair:5   | Reached XP level 14. HP: 127/127 MP: 14/14
 22880 | Lair:6   | Entered Level 6 of the Lair of Beasts
 23523 | Lair:6   | Received a gift from Trog
 23566 | Lair:6   | Found a viscous altar of Jiyva.
 23567 | Lair:6   | Found a staircase to the Slime Pits.
 24020 | Lair:6   | Reached skill level 18 in Polearms
 26123 | Lair:6   | Identified the +9 short sword "Wef Upp" {vorpal, Int+3}
 27454 | D:11     | Reached XP level 15. HP: 56/136 MP: 15/15
 28916 | D:12     | Found a staircase to the Orcish Mines.
 28934 | D:12     | Reached ****** piety under Trog
 28979 | D:12     | Reached skill level 19 in Polearms
 29463 | D:13     | Found a gate to the Vaults.
 30564 | D:13     | Found Tublan's Antique Armour Emporium.
 30567 | D:13     | Bought a shiny kite shield for 157 gold pieces
 30567 | D:13     | Bought a runed cloak for 157 gold pieces
 30567 | D:13     | Bought a pair of spiked boots for 199 gold pieces
 30567 | D:13     | Identified the +0 pair of boots "Zekierphomo" {rF++ Slay+3}
                  | (You bought it in a shop on level 13 of the Dungeon)
 30936 | Orc:1    | Entered Level 1 of the Orcish Mines
 31145 | D:12     | Reached skill level 1 in Shields
 31217 | Orc:1    | Identified the +12 halberd of Light {vorpal, Contam Dex+5}
                  | (Trog gifted it to you on level 1 of the Orcish Mines)
 31217 | Orc:1    | Received a gift from Trog
 31613 | Orc:2    | Entered Level 2 of the Orcish Mines
 31623 | Orc:2    | Found Otausiat's General Store.
 32057 | Orc:2    | Found a staircase to the Elven Halls.
 32162 | Orc:2    | Noticed Maurice
 32169 | Orc:2    | Killed Maurice
 32366 | Orc:2    | Found Ofab's Antique Weapon Shop.
 32366 | Orc:2    | Found Yrana's Weapon Emporium.
 32376 | Orc:2    | Received a gift from Trog
 32680 | Orc:2    | Found Sinaf Ras's Armour Emporium.
 32855 | Orc:2    | Bought a +1 pair of gloves of strength for 247 gold pieces
 32882 | Orc:2    | Found Araas's Magic Scroll Shop.
 32897 | Orc:2    | Bought a scroll of brand weapon for 320 gold pieces
 32897 | Orc:2    | Bought a scroll of enchant weapon for 120 gold pieces
 32897 | Orc:2    | Bought a scroll of enchant armour for 120 gold pieces
 33132 | Spider:1 | Entered Level 1 of the Spider Nest
 33473 | Spider:1 | Noticed Jorgrun
 33500 | Spider:1 | Slain by Jorgrun

Illustrated notes

Levels and vault maps discovered:
D:1:      dpeg_arrival_shrine, layout_basic, ebering_ecumenical_altar_box
D:2:      layout_loops_ring, serial_shops, shop_statue, supply_closet_lemuel
D:3:      kennysheep_the_goblin_king, layout_loops_cross, serial_shops,
          nicolae_square_shop
D:4:      layout_loops_ring, minmay_temple_entry_butterflies, serial_aquarium,
          aquarium_bridge_long_separate [aquarium_subvault_wall,
          aquarium_subvault_bridge, aquarium_subvault_balcony,
          aquarium_subvault_wall, aquarium_subvault_bridge,
          aquarium_subvault_bridge], aquarium_window_corner,
          aquarium_window_fake, aquarium_view_2e, nicolae_take_the_stairs,
          st_stairs_7, minmay_bent
D:5:      layout_gridville, lemuel_doored_altar
D:6:      layout_rooms, overflow_temple_1_default
D:7:      minmay_clustersquares, layout_loops_corners, okawaru_ov_weapons_minmay
D:8:      layout_loops_ring, nicolae_overflow_hidden_temple,
          grunt_lair_entry_orc_guard_hut, hangedman_abyss_or_decor_lesser_grid
D:9:      layout_basic, gammafunk_ghost_cemetery, hangedman_minor_magic
D:10:     layout_basic, lemuel_round_altar, serial_glass, glass_columns_b,
          glass_columns_b, item_on_display_a, item_on_display_a,
          minmay_strange_pillars, uniq_psyche
D:11:     layout_layer_cave, minivault_28
D:12:     layout_basic, kennysheep_orc_monster_closet_entryway
D:13:     layout_small_grid, erik_vaults_1, serial_shops, kennysheep_mini_moat
Lair:1:   layout_misc_corridors, grunt_megastairs_3, uniq_sonja
Lair:2:   layout_chaotic_city, minivault_19, lemuel_fruit_tree,
          grunt_megastairs_2, serial_bayou_shore_a
Lair:3:   gammafunk_mikee_crab_dinner, layout_cave_pods,
          minmay_shoals_entry_lonely_mermaid, spider_nest_entry_web_field,
          gauntlet_entry_generic, minmay_stone_trees_small
Lair:4:   layout_cave_pods, minivault_23
Lair:5:   layout_cave_pods, enter_volcano_1
Lair:6:   evilmike_catoblepas_cave, layout_gridlike,
          dpeg_slime_entry_enclosed_altar, minmay_lindwurm_lava
Spider:1: layout_spider_delve, uniq_jorgrun
Orc:1:    cheibrodos_orc_bank, layout_caves, nicolae_orc_lost_temple
Orc:2:    st_orc_town, layout_diamond_mine, serial_shops,
          nicolae_shop_temple_entry_statues_fountains, mines2_david,
          uniq_maurice

Skill      XL: |  1  2  3  4  5  6  7  8  9 10 11 12 13 14 15 |
---------------+----------------------------------------------+-----
Dodging        | 3 4 5 6 7 8 9 10 11 12 | 12.3
Polearms       | 4 5 6 8 11 13 15 16 17 18 19 | 19.2
Fighting       | 4 5 6 7 9 10 11 12 13 14 | 14.8
Stealth        | 1 2 3 4 6 7 8 9 10 11 | 11.1
Shields        | 3 |  3.7

Action                   |  1- 3 |  4- 6 |  7- 9 | 10-12 | 13-15 || total
-------------------------+-------+-------+-------+-------+-------++-------
Melee: Spear             |    30 |       |    59 |   398 |   809 ||  1296
       Tailslap          |    13 |     8 |    68 |   142 |   157 ||   388
       Dagger            |   102 |    91 |   253 |   332 |       ||   778
       Halberd           |       |       |    34 |    58 |   213 ||   305
       Bite              |       |       |       |       |    79 ||    79
Throw: Javelin           |       |     3 |       |       |       ||     3
Invok: Trog's Hand       |       |     1 |     4 |     6 |     3 ||    14
       Berserk           |       |     1 |     3 |     9 |    21 ||    34
 Abil: Breathe Acid      |       |       |    14 |    16 |     5 ||    35
Evoke: Wand              |       |       |       |    12 |     5 ||    17
  Use: Scroll            |       |       |    15 |     4 |     9 ||    28
       Potion            |       |       |       |     1 |     4 ||     5
 Stab: Sleeping          |       |     5 |     4 |    22 |    41 ||    72
       Distracted        |       |       |     1 |     1 |     7 ||     9
       Petrified         |       |       |       |       |    10 ||    10
Armor: Skin              |    35 |    30 |    91 |   196 |   176 ||   528
Dodge: Dodged            |    70 |    68 |   223 |   403 |   371 ||  1135
Block: Tower shield      |       |       |       |       |     6 ||     6

Table legend: (Time is in decaauts)
 A = Elapsed time spent in this place.
 B = Non-inter-level travel time spent in this place.
 C = Inter-level travel time spent in this place.
 D = Time resting spent in this place.
 E = Time spent auto-exploring this place.
 F = Levels seen in this place.
 G = Mean time per level.
                   A        B        C        D        E       F      G
               +--------+--------+--------+--------+--------+-----+--------+
         Total |  33213 |  31382 |   1831 |  10920 |  15477 |  22 | 1509.7 |
       Dungeon |  20224 |  18981 |   1243 |   6443 |   9583 |  13 | 1555.7 |
          Lair |  11133 |  10612 |    521 |   4000 |   5099 |   6 | 1855.5 |
   Spider Nest |     83 |     83 |      0 |      6 |     11 |   1 |   83.0 |
  Orcish Mines |   1771 |   1705 |     66 |    470 |    784 |   2 |  885.5 |
               +--------+--------+--------+--------+--------+-----+--------+

Top non-repeatable levels by time:
  Lair:6: 3114 daAuts
  Lair:3: 3087 daAuts
    D:10: 3060 daAuts
     D:9: 2339 daAuts
     D:7: 2192 daAuts
    D:11: 2168 daAuts
     D:4: 1755 daAuts
    D:12: 1575 daAuts
  Lair:2: 1419 daAuts
     D:5: 1361 daAuts
     D:8: 1309 daAuts
  Lair:1: 1299 daAuts
   Orc:2: 1298 daAuts
  Lair:4: 1186 daAuts
     D:6: 1042 daAuts
